 Dungeon Crawl Stone Soup version 0.30-a0-55-g90e3122c3a (webtiles) character file.

Game seed: 122540181439517194

407 IdlyInterested the Trooper (level 7, 0/56 HPs)
             Began as a Formicid Fighter on Sept 9, 2022.
             Succumbed to a kobold's poison
             ... on level 4 of the Dungeon.
             The game lasted 00:10:28 (3883 turns).

IdlyInterested the Trooper (Formicid Fighter)       Turns: 3883, Time: 00:10:28

Health: 0/56       AC:  9    Str: 21    XL:     7   Next: 12%
Magic:  3/7        EV:  8    Int:  7    God:
Gold:   200        SH:  5    Dex: 15    Spells: 6/6 levels left

rFire   . . .      SeeInvis +    a - +0 rapier (chaos)
rCold   . . .      Faith    .    c - +0 buckler
rNeg    . . .      Spirit   +    g - +0 chain mail
rPois   +          Reflect  .    (helmet unavailable)
rElec   .          Harm     .    (no cloak)
rCorr   .          Rampage  .    (no gloves)
Will    .....                    (no boots)
Stlth   ..........               q - amulet of guardian spirit
HPRegen 0.18/turn                o - ring of poison resistance
MPRegen 0.10/turn                (no ring)

@: lethally poisoned (0 -> -3)
A: permanent stasis, dig shafts and tunnels, antennae 3, four strong arms
a: Dig, Shaft Self


You were on level 4 of the Dungeon.
You visited 1 branch of the dungeon, and saw 4 of its levels.

You collected 200 gold pieces.

Inventory:

Hand Weapons
 a - a +0 rapier of chaos (weapon)
Missiles
 e - 19 stones
 j - 21 poisoned darts (quivered)
Armour
 c - a +0 buckler (worn)
 g - a +0 chain mail (worn)
Jewellery
 o - a ring of poison resistance (left hand)
 q - an amulet of guardian spirit (around neck)
Scrolls
 f - 3 scrolls of poison
 i - a scroll of immolation
Potions
 d - a potion of brilliance {unknown}
 h - a potion of attraction {unknown}
 k - a potion of haste
 l - 2 potions of mutation {unknown}
 m - a potion of degeneration {unknown}
 u - a potion of cancellation {unknown}


   Skills:
 * Level 5.4 Fighting
 * Level 4.4 Short Blades
 + Level 0.7 Throwing
 - Level 3.2 Armour
 - Level 2.0 Dodging
 + Level 3.2 Stealth
 - Level 4.0 Shields


You had 6 spell levels left.
You didn't know any spells.
Your spell library contained the following spells:

 Spells                   Type           Power      Damage    Failure   Level
 Magic Dart               Conj           0%         1d3       99%         1
 Call Imp                 Summ           0%         N/A       100%        2
 Mephitic Cloud           Conj/Pois/Air  0%         N/A       100%        3


Dungeon Overview and Level Annotations

Branches:
Dungeon (4/15)
 Temple: D:4-7

Altars:
Elyvilon
Okawaru

Annotations:
D:4 Blork the orc


Innate Abilities, Weirdness & Mutations

You cannot be hasted, slowed, berserked, paralysed or teleported.
You can dig through walls and to a lower floor.
You have a pair of large antennae on your head. (SInv)
Your four strong arms can wield two-handed weapons with a shield.


Message History

You barely miss the ball python.
The ball python is moderately wounded.
* * * LOW HITPOINT WARNING * * *
You feel very sick. The kobold barely misses you.
The ball python closely misses you. The ball python constricts you.
The adder bites you.
* * * LOW HITPOINT WARNING * * *
You block the jelly's attack. The goblin hits you but does no damage.
The kobold hits you but does no damage. You block the ball python's attack.
The ball python constricts you.
You puncture the ball python!
You kill the ball python!
* * * LOW HITPOINT WARNING * * *
You feel sick. The adder bites you but does no damage.
The kobold closely misses you.
Blork the orc looks braver for a moment.
You block the jelly's attack. The goblin hits you but does no damage.
The adder bites you but does no damage.
As you read the scroll labelled FOTONE PUXOOR, it crumbles to dust.
It is a scroll of amnesia.
You feel forgetful for a moment.
* * * LOW HITPOINT WARNING * * *
You feel sick. You block the kobold's attack.
The jelly hits you but does no damage. The goblin hits you but does no damage.
The hobgoblin hits you but does no damage.
You block the adder's attack. You block the kobold's attack.
Blork the orc looks encouraged for a moment.
The adder attacks as you move away! You block the adder's attack.
The goblin attacks as you move away! The goblin barely misses you.
* * * LOW HITPOINT WARNING * * *
You feel sick. You block the kobold's attack.
Blork the orc begins to cast a cantrip, but forgets the words!
The hobgoblin hits you but does no damage.
The goblin attacks as you move away! The goblin hits you but does no damage.
* * * LOW HITPOINT WARNING * * *
You feel sick. The hobgoblin completely misses you.
The adder bites you but does no damage. You block the kobold's attack.
The adder bites you but does no damage. The adder attacks as you move away!
The adder barely misses you.
You die...

......... ... ........#
#..## ........##....## ##
........#.#....# ##.#
..........#....# ....###
......o......# ..#.##
#......JgS...#.##.#...#...#
#......gK.@.......... #<..
.......oS##...#..........##
........g.................
..........................#
..............?............
................##.........
................##.....####
.................#........#
........#................#


You could see Blork the orc (fast), a jelly, a gnoll, 2 adders, an orc, a
hobgoblin and a kobold (berserk, strong).

Vanquished Creatures
  Sigmund (D:3)
  2 orc wizards (D:4)
  Robin (D:3)
  A gnoll (D:1)
  8 adders
  3 worms
  A dart slug (D:1)
  4 orcs
  3 bats
  6 endoplasms
  A giant cockroach (D:1)
  21 goblins
  7 hobgoblins
  3 quokkas
  5 ball pythons
  6 frilled lizards
  5 kobolds
  6 rats
84 creatures vanquished.

Vanquished Creatures (others)
  An orc priest (D:4)
1 creature vanquished.

Grand Total: 85 creatures vanquished

Notes
Turn   | Place    | Note
-------+----------+-------------------------------------------
     0 | D:1      | IdlyInterested the Formicid Fighter began the quest for the
                  | Orb.
     0 | D:1      | Reached XP level 1. HP: 18/18 MP: 1/1
    50 | D:1      | Reached XP level 2. HP: 6/24 MP: 2/2
   424 | D:1      | Reached skill level 1 in Stealth
   558 | D:1      | Reached XP level 3. HP: 21/30 MP: 3/3
  1271 | D:2      | Reached skill level 1 in Dodging
  1271 | D:2      | Reached XP level 4. HP: 36/37 MP: 2/4
  1324 | D:2      | Reached skill level 4 in Fighting
  1654 | D:2      | Found a white marble altar of Elyvilon.
  1797 | D:2      | Reached XP level 5. HP: 42/42 MP: 5/5
  2341 | D:3      | Noticed Robin
  2348 | D:3      | Noticed Sigmund
  2367 | D:3      | Killed Robin
  2382 | D:3      | Killed Sigmund
  2383 | D:3      | Reached skill level 5 in Fighting
  2383 | D:3      | Reached XP level 6. HP: 30/51 MP: 3/6
  2521 | D:3      | Found an iron altar of Okawaru.
  3491 | D:4      | Reached XP level 7. HP: 8/56 MP: 0/7
  3865 | D:4      | Noticed Blork the orc
  3881 | D:4      | HP: 1/56 [poisoned by a kobold]
  3883 | D:4      | Succumbed to a kobold's poison

Illustrated notes

Levels and vault maps discovered:
D:1:      scummos_arrival_hexagon, layout_loops_ring
D:2:      layout_loops_cross, basic_altar, minmay_pentomino_r4
D:3:      layout_basic, mainiacjoe_overflow_paths, uniq_sigmund, uniq_robin
D:4:      layout_cave_pools, minmay_temple_entry_antechambers, serial_shops,
          shop, minmay_ruined_shrine, uniq_blork_the_orc

Skill      XL: |  1  2  3  4  5  6 |
---------------+-------------------+-----
Stealth        | 1 2 3 |  3.2
Dodging        | 1 2 |  2.0
Fighting       | 4 5 |  5.4
Short Blades   | 3 4 |  4.4
Throwing       | |  0.7
Armour         | |  3.2
Shields        | |  4.0

Action                   |  1- 3 |  4- 6 |  7- 9 || total
-------------------------+-------+-------+-------++-------
Melee: Rapier            |   102 |   214 |    28 ||   344
Throw: Dart              |     4 |     2 |       ||     6
  Use: Potion            |       |     5 |       ||     5
       Scroll            |       |     9 |     4 ||    13
Armor: Scale mail        |     7 |       |       ||     7
       Chain mail        |    36 |   140 |    47 ||   223
Dodge: Dodged            |    37 |    69 |    23 ||   129
Block: Buckler           |    22 |    57 |    15 ||    94

Table legend: (Time is in decaauts)
 A = Elapsed time spent in this place.
 B = Non-inter-level travel time spent in this place.
 C = Inter-level travel time spent in this place.
 D = Time resting spent in this place.
 E = Time spent auto-exploring this place.
 F = Levels seen in this place.
 G = Mean time per level.
                   A        B        C        D        E       F      G
               +--------+--------+--------+--------+--------+-----+--------+
         Total |   3905 |   3617 |    288 |   1057 |   1688 |   4 |  976.2 |
       Dungeon |   3905 |   3617 |    288 |   1057 |   1688 |   4 |  976.2 |
               +--------+--------+--------+--------+--------+-----+--------+

Top non-repeatable levels by time:
     D:1: 1186 daAuts
     D:2: 1166 daAuts
     D:3: 1125 daAuts
     D:4: 427 daAuts
